Map: [ESL] Inside and Out

Players

Scarlett - Winner!

  • Race: Zerg Zerg
  • Spawn Location: 1:00

NightMare

  • Race: Protoss Protoss
  • Spawn Location: 7:00

Event: DreamHack SC2 Masters 2022 Atlanta (Offline)

VOD

Have the link to the VOD?

Description

Time

  • Played on: Nov. 19, 2022, 11:26 a.m.
  • Length: 8:43

All games in this series

Show
View Real Time Build Order
Export as new Build Order

Scarlett Zerg - Winner!

Build Orders: 3 Hatch before Pool 

Get SALT Encoding   

  12  0:00  Drone  
  13  0:13  Overlord  
  13  0:16  Drone  
  14  0:31  Drone x2  
  16  0:43  Drone  
  16  0:45  Drone  
  18  1:05  Drone, Hatchery  
  18  1:18  Hatchery  
  17  1:21  Drone  
  17  1:23  Extractor  
  17  1:35  Spawning Pool  
  17  1:39  Drone  
  17  1:42  Drone  
  17  1:45  Drone  
  19  1:52  Drone  
  20  2:02  Overlord  
  20  2:19  Drone  
  20  2:22  Queen x2  
  21  2:27  Metabolic Boost  
  25  2:33  Zergling x2  
  25  2:37  Drone  
  27  2:38  Zergling x4  
  27  2:43  Zergling x2  
  30  2:47  Zergling x2  
  30  2:50  Zergling x2  
  32  2:58  Queen  
  33  3:08  Drone  
  33  3:09  Drone  
  34  3:13  Overlord  
  34  3:15  Drone  
  34  3:17  Overlord  
  35  3:32  Zergling x10  
  35  3:33  Zergling x2  
  41  3:38  Drone x2  
  42  3:49  Drone, Overlord  
  41  3:56  Drone x2  
  41  4:01  Queen  
  41  4:02  Queen  
  43  4:06  Drone x3  
  48  4:10  Drone x3  
  51  4:21  Overlord  
  51  4:24  Hatchery  
  51  4:28  Drone  
  51  4:31  Overlord  
  51  4:36  Extractor  
  50  4:39  Roach Warren  
  50  4:42  Drone x2  
  50  4:44  Drone x2  
  53  4:47  Drone x2  
  53  4:49  Drone x2  
  57  4:53  Spore Crawler  
  57  4:55  Drone  
  57  4:56  Drone  
  58  5:01  Overlord  
  58  5:04  Zergling x2  
  59  5:09  Zergling x2  
  59  5:10  Zergling x2  
  61  5:20  Roach x6  
  72  5:24  Overlord  
  72  5:27  Extractor  
  71  5:30  Overlord  
  71  5:33  Lair  
  71  5:34  Zergling x2  
  72  5:39  Roach  
  74  5:49  Roach x2  
  78  5:51  Zergling x2  
  78  5:52  Zergling x10  
  84  5:58  Roach x2  
  88  6:04  Spore Crawler  
  88  6:07  Overlord x3  
  87  6:21  Overlord  
  87  6:22  Overlord x2  
  88  6:28  Zergling x10  
  88  6:29  Ravager x3  
  88  6:32  Zergling x2  
  97  6:34  Overseer x2  
  97  6:36  Zergling x2  
  98  6:41  Hatchery  
  98  6:43  Zergling x4  
  98  6:45  Overseer  
  100  6:47  Zergling x2  
  100  6:50  Zergling x2  
  100  6:51  Ravager  
  102  6:54  Zergling x4  
  102  6:58  Zergling x6  
  107  7:03  Ravager  
  107  7:04  Zergling x6  
  111  7:10  Ravager  
  110  7:16  Zergling x10  
  106  7:23  Zergling x2  
  106  7:26  Zergling x8  
  94  7:37  Zergling x2  
  94  7:38  Zergling x2  
  94  7:39  Ravager  
  94  7:42  Ravager x2  
  94  7:43  Zergling x6  
  99  7:45  Overseer  
  99  7:49  Zergling x4  
  98  7:56  Zergling x2  
  98  7:57  Ravager  
  100  8:01  Zergling x8  
  101  8:12  Zergling x2  
  101  8:13  Zergling x8  
  101  8:15  Zergling x4  
  103  8:21  Overseer x3  
  103  8:24  Zergling x10, Overseer  
  103  8:32  Ravager  
Show
View Real Time Build Order
Export as new Build Order

NightMare Protoss 

Build Orders:  

Get SALT Encoding   

  12  0:00  Probe  
  13  0:12  Probe  
  14  0:19  Pylon  
  14  0:24  Probe  
  15  0:37  Probe (Chrono Boost)  
  15  0:40  Gateway  
  16  0:46  Probe (Chrono Boost)  
  16  0:49  Assimilator  
  17  0:51  Probe (Chrono Boost)  
  18  1:03  Probe  
  19  1:15  Probe  
  20  1:22  Gateway  
  20  1:27  Probe  
  20  1:29  Zealot, Cybernetics Core  
  23  1:37  Pylon  
  23  1:45  Assimilator  
  23  1:55  Probe  
  24  2:07  Adept x2 (Chrono Boost), Probe  
  24  2:08  Warp Gate  
  29  2:19  Probe  
  29  2:21  Pylon  
  30  2:31  Probe  
  31  2:42  Twilight Council  
  31  2:43  Adept, Probe  
  31  2:44  Adept  
  36  2:53  Pylon  
  36  2:55  Probe  
  37  3:07  Probe  
  38  3:16  Resonating Glaives (Chrono Boost)  
  38  3:21  Probe  
  38  3:25  Adept x2  
  43  3:33  Probe  
  44  3:49  Nexus, Probe  
  37  4:06  Stalker  
  37  4:08  Sentry  
  37  4:09  Probe  
  42  4:13  Gateway  
  42  4:15  Dark Shrine  
  42  4:21  Probe  
  43  4:33  Probe  
  44  4:44  Adept  
  46  4:45  Probe  
  46  4:47  Pylon  
  47  5:00  Probe  
  47  5:04  Nexus  
  47  5:06  Probe, Pylon  
  49  5:13  Probe  
  50  5:18  Probe  
  51  5:27  Shield Battery, Probe  
  52  5:30  Probe  
  52  5:31  Dark Templar x3  
  59  5:37  Assimilator  
  59  5:39  Assimilator  
  59  5:40  Probe (Chrono Boost)  
  60  5:48  Forge, Probe (Chrono Boost)  
  61  5:52  Probe (Chrono Boost)  
  62  5:58  Probe (Chrono Boost)  
  62  6:00  Probe (Chrono Boost)  
  62  6:01  Gateway  
  62  6:03  Gateway, Probe (Chrono Boost)  
  64  6:06  Probe  
  66  6:17  Probe x2  
  62  6:18  Blink (Chrono Boost)  
  62  6:19  Dark Templar  
  62  6:21  Protoss Ground Weapons Level 1  
  64  6:27  Shield Battery  
  64  6:30  Robotics Facility  
  64  6:31  Probe x3  
  67  6:36  Photon Cannon  
  67  6:40  Stalker  
  67  6:44  Stalker  
  71  6:51  Shield Battery  
  71  6:54  Shield Battery  
  71  6:57  Stalker  
  71  6:58  Stalker  
  71  7:01  Dark Templar  
  77  7:03  Stalker  
  77  7:09  Stalker  
  79  7:22  Stalker x2  
  81  7:27  Stalker  
  70  7:33  Stalker x2  
  56  7:47  Stalker  
  56  7:50  Probe x2  
  58  7:54  Stalker x2  
  62  8:00  Shield Battery  
  62  8:01  Shield Battery  
  62  8:02  Pylon  
  62  8:03  Stalker  
  64  8:10  Stalker  
  46  8:27  Stalker x2  
Tags
 
Add a new tag
Caveats
  • Supply blocks, unpowered buildings, or Contaminate may cause inaccurate times.
  • Supply counts are checked every 10 seconds.